 Dungeon Sprint DCSS version 0.28-a0-384-g9e0c098162 (webtiles) character file.

Game seed: 18402167652013014682

3177 MikeHunt the Severer (level 9, -1/96 HPs)
             Began as a Minotaur Berserker on Sept 2, 2021.
             Was the Champion of Trog.
             Killed by divine providence
             ... invoked by an orc priest
              (9 damage)
             ... in the Dungeon (Sprint III: "The Ten Rune Challenge").
             The game lasted 00:03:54 (1711 turns).

MikeHunt the Severer (Minotaur Berserker)           Turns: 1711, Time: 00:03:55

Health: -1/96      AC: 14    Str: 21    XL:     9   Next: 63%
Magic:  8/8        EV:  5    Int:  4    God:    Trog [******]
Gold:   1202       SH:  0    Dex: 14    Spells: 8/8 levels left

rFire   . . .      SeeInvis .   p - +3 battleaxe {god gift}
rCold   . . .      Faith    .   (shield currently unavailable)
rNeg    . . .      Spirit   .   r - +0 plate armour
rPois   .          Reflect  .   (helmet restricted)
rElec   .          Harm     .   (no cloak)
rCorr   .          Rampage  .   (no gloves)
Will    .....      NoTele   +   (no boots)
Stlth   ..........              (no amulet)
HPRegen 0.26/turn               (no ring)
MPRegen 0.11/turn               (no ring)

@: on berserk cooldown, held, slowed, very slow
A: horns 2, retaliatory headbutt
a: Renounce Religion, Berserk, Trog's Hand, Brothers in Arms


You were in the Dungeon.
You worshipped Trog.
Trog was exalted by your worship.
You visited 1 branch You collected 1202 gold pieces.

Inventory:

Hand Weapons
 a - a +0 hand axe
 p - a +3 battleaxe (weapon) {god gift}
 q - a +3 antimagic executioner's axe {god gift}
 s - a +0 vorpal broad axe {god gift}
Armour
 b - a +0 animal skin
 r - a +0 plate armour (worn)
Scrolls
 h - a scroll of blinking
 k - a scroll of immolation {unknown}
 l - 2 scrolls of acquirement {unknown}
 m - a scroll of holy word {unknown}
 n - 2 scrolls of identify
Potions
 c - 2 potions of curing
 d - 2 potions of heal wounds
 e - a potion of haste
 f - 2 potions of magic
 g - a potion of berserk rage
 i - 5 potions of flight
 j - 2 potions of mutation {unknown}
 o - a potion of might


   Skills:
 - Level 14.4 Fighting
 + Level 16.8 Axes
 + Level 9.3 Armour
 - Level 10.1 Dodging


You had 8 spell levels left.
You didn't know any spells.
Your spell library was empty.

Dungeon Overview and Level Annotations

Branches:
Dungeon (1/1)

Altars:
Cheibriados
Dithmenos
Elyvilon
Fedhas
Gozag
Hepliaklqana
Kikubaaqudgha
Makhleb
Nemelex Xobeh
Okawaru
Qazlal
Ru
Sif Muna
Trog
Uskayaw
Vehumet
Wu Jian
Xom
Yredelemnul
Zin
The Shining One
Beogh
Jiyva
Lugonu

Shops:
D (


Innate Abilities, Weirdness & Mutations

You have a pair of horns on your head.
You reflexively headbutt those who attack you in melee.


Message History

You become entangled in the net!
Your Armour skill increases to level 9!
Unknown command.
You are held in a net!
You struggle against the net.
The redback bites you but does no damage.
The two-headed ogre barely misses you. You furiously retaliate!
You headbutt the two-headed ogre! The two-headed ogre barely misses you.
You tear a large gash into the net.
You feel a strong urge to attack something.
The redback bites you but does no damage.
You rip the net and break free!
The orc drops a net on you.
You become entangled in the net!
The redback bites you but does no damage.
The two-headed ogre hits you but does no damage. x2
You struggle against the net.
You feel your anger nearly subside.
You are no longer berserk.
You are exhausted.
You feel yourself slow down.
The orc priest mumbles some strange prayers to Beogh against you.
Beogh smites you! The redback bites you.
You are poisoned.
The redback poisons you!
You struggle against the net.
You feel extremely sick.
The redback bites you but does no damage.
The two-headed ogre hits you with a +0 giant spiked club.
The two-headed ogre hits you with a +0 giant club!
The orc priest looks satisfied for a moment.
The redback bites you but does no damage.
You feel better. The redback barely misses you. You furiously retaliate!
You headbutt the redback, but do no damage.
The two-headed ogre hits you with a +0 giant spiked club!!
* * * LOW HITPOINT WARNING * * *
The two-headed ogre hits you but does no damage.
The redback bites you!
* * * LOW HITPOINT WARNING * * *
The orc priest calls down the wrath of Beogh upon you.
Beogh smites you!
You die...

#._#..........#
#)##........#
)..#..).....#
).)#.#....∩.#
##)#.###.#.##
...#'##############
.))#.)..#.#.#.....#
...##)#..#.##)###.#
)..)##)#.#.##.#.@##
...#..)#..#..##.Oso..^..
▓▓▓▓▓▓▓▓▓▓▓▓▓▓▓▓▓#..^..^
^...^. ..... ..^^. ####


You could see a two-headed ogre, a redback and an orc priest.

Vanquished Creatures
  Erolcha (D)
  A deep elf pyromancer (D)
  An orc sorcerer (D)
  A shadow (D)
  A redback (D)
  A spatial vortex (D)
  A necrophage (D)
  2 orc warriors (D)
  4 two-headed ogres (D)
  A water elemental (D)
  A jelly (D)
  An orc priest (D)
  Jessica (D)
  A wizard (D)
  A necromancer (D)
  An orc wizard (D)
  3 humans (D)
  A kobold demonologist (D)
  A wolf (D)
  11 orcs (D)
  An endoplasm (D)
  A rat (D)
38 creatures vanquished.

Vanquished Creatures (others)
  2 plants (D)
2 creatures vanquished.

Grand Total: 40 creatures vanquished

Notes
Turn   | Place    | Note
-------+----------+-------------------------------------------
     0 | D        | MikeHunt the Minotaur Berserker began the quest for the
                  | Orb.
     0 | D        | Reached XP level 1. HP: 19/19 MP: 0/0
     5 | D        | Reached skill level 4 in Axes
    73 | D        | Noticed Jessica
    77 | D        | Killed Jessica
    77 | D        | Reached ** piety under Trog
    78 | D        | Reached skill level 8 in Axes
    78 | D        | Reached XP level 2. HP: 26/26 MP: 1/1
   156 | D        | Reached XP level 3. HP: 24/31 MP: 2/2
   306 | D        | Reached skill level 9 in Axes
   454 | D        | Noticed a water elemental
   460 | D        | Killed a water elemental
   460 | D        | Reached *** piety under Trog
   461 | D        | Reached skill level 10 in Axes
   461 | D        | Reached XP level 4. HP: 44/44 MP: 3/3
   483 | D        | Found a basalt altar of Yredelemnul.
   483 | D        | Found a shadowy altar of Dithmenos.
   483 | D        | Found a sacrificial altar of Ru.
   483 | D        | Noticed a necrophage
   494 | D        | Killed a necrophage
   495 | D        | Reached skill level 11 in Axes
   495 | D        | Reached XP level 5. HP: 53/53 MP: 4/4
   499 | D        | Reached skill level 12 in Axes
   572 | D        | Found a hide-covered altar of Uskayaw.
   572 | D        | Found an iron altar of Okawaru.
   572 | D        | Found a bloodstained altar of Trog.
   572 | D        | Found an ornate altar of the Wu Jian Council.
   572 | D        | Noticed a human
   573 | D        | Noticed a human
   580 | D        | Killed a human
   580 | D        | Reached **** piety under Trog
   581 | D        | Reached skill level 10 in Fighting
   581 | D        | Reached skill level 13 in Axes
   581 | D        | Reached XP level 6. HP: 67/67 MP: 5/5
   583 | D        | Killed a human
   640 | D        | Found a glowing silver altar of Zin.
   640 | D        | Found a glowing golden altar of the Shining One.
   640 | D        | Found a white marble altar of Elyvilon.
   641 | D        | Noticed a deep elf pyromancer
   646 | D        | Killed a deep elf pyromancer
   647 | D        | Reached skill level 14 in Axes
   647 | D        | Reached XP level 7. HP: 78/78 MP: 6/6
   697 | D        | Noticed a shadow
   700 | D        | Killed a shadow
   701 | D        | Reached XP level 8. HP: 86/86 MP: 7/7
   701 | D        | Reached ***** piety under Trog
   747 | D        | Found a radiant altar of Vehumet.
   747 | D        | Found a shimmering blue altar of Sif Muna.
   747 | D        | Found an ancient bone altar of Kikubaaqudgha.
   754 | D        | Received a gift from Trog
   798 | D        | Found a blossoming altar of Fedhas.
   798 | D        | Found a stormy altar of Qazlal.
   799 | D        | Found a snail-covered altar of Cheibriados.
   799 | D        | Found a burning altar of Makhleb.
   799 | D        | Found a hazy altar of Hepliaklqana.
   799 | D        | Found a shimmering altar of Xom.
   799 | D        | Found an opulent altar of Gozag.
   799 | D        | Found a sparkling altar of Nemelex Xobeh.
   799 | D        | Found a corrupted altar of Lugonu.
   799 | D        | Found a viscous altar of Jiyva.
  1051 | D        | Noticed a two-headed ogre
  1057 | D        | Killed a two-headed ogre
  1058 | D        | Reached skill level 10 in Dodging
  1130 | D        | Received a gift from Trog
  1163 | D        | Reached skill level 15 in Axes
  1596 | D        | Reached ****** piety under Trog
  1598 | D        | Reached XP level 9. HP: 96/96 MP: 8/8
  1602 | D        | Received a gift from Trog
  1616 | D        | Noticed an orc sorcerer
  1617 | D        | Found Wesm's Weapon Emporium.
  1619 | D        | Killed an orc sorcerer
  1700 | D        | Noticed a two-headed ogre
  1700 | D        | Noticed Erolcha
  1703 | D        | Killed Erolcha
  1704 | D        | Reached skill level 16 in Axes
  1705 | D        | Received a gift from Trog
  1711 | D        | Killed from afar by an orc priest

Illustrated notes

Levels and vault maps discovered:
D:        dungeon_sprint_mu [sprint_mu_entry_forest, sprint_mu_temple_rooms,
          sprint_mu_d1_spiders, sprint_mu_d2_genie, sprint_mu_d3_branching,
          sprint_mu_orc_legion, sprint_mu_elf_gauntlet, sprint_mu_hive_nellie,
          sprint_mu_lair_fedhas, sprint_mu_vaults_butterflies,
          sprint_mu_slime_circle, sprint_mu_swamp_cave, sprint_mu_snake_twists,
          sprint_mu_blade_basic, sprint_mu_crypt_chambers,
          sprint_mu_tomb_spiral, sprint_mu_vestibule_basic,
          sprint_mu_gehenna_hellfire, sprint_mu_dis_giant,
          sprint_mu_tartarus_statrot, sprint_mu_cocytus_islands, sprint_mu_zot1]

Skill      XL: |  1  2  3  4  5  6  7  8  9 |
---------------+----------------------------+-----
Axes           | 8 10 11 13 14 15 16 | 16.8
Fighting       | 6 8 10 12 13 14 | 14.4
Dodging        | 7 8 10 | 10.1
Armour         | 3 9 |  9.3

Action                   |  1- 3 |  4- 6 |  7- 9 || total
-------------------------+-------+-------+-------++-------
Melee: Hand axe          |    24 |    27 |     5 ||    56
       Headbutt          |     5 |     3 |    13 ||    21
       Battleaxe         |       |       |    51 ||    51
Invok: Berserk           |     4 |     3 |     8 ||    15
       Trog's Hand       |       |       |     1 ||     1
  Use: Potion            |       |       |     1 ||     1
Armor: Animal skin       |     2 |     2 |       ||     4
       Plate armour      |       |       |    15 ||    15
Dodge: Dodged            |     6 |     7 |    29 ||    42

Table legend: (Time is in decaauts)
 A = Elapsed time spent in this place.
 B = Non-inter-level travel time spent in this place.
 C = Inter-level travel time spent in this place.
 D = Time resting spent in this place.
 E = Time spent auto-exploring this place.
 F = Levels seen in this place.
 G = Mean time per level.
                   A        B        C        D        E       F      G
               +--------+--------+--------+--------+--------+-----+--------+
         Total |   1833 |   1833 |      0 |   1338 |      0 |   1 | 1833.0 |
       Dungeon |   1833 |   1833 |      0 |   1338 |      0 |   1 | 1833.0 |
               +--------+--------+--------+--------+--------+-----+--------+

Top non-repeatable levels by time:
       D: 1833 daAuts
